cohdb
Replays
Latest Replays
All Replays
Popular Replays
Top Player Replays
Match Explorer
How It Works
Community
CoH3 Stats
Reddit
Sign in to upload your games and track your stats! →
Sign in with Steam
Match 42518975
Unlisted
Match 42518975
Overview
Messages
Build Orders
End
Construct Section Command Post
Vickers Machine Gun Team
Selects Indian Artillery Battlegroup
Infantry Section
Infantry Section
Infantry Section
Infantry Section
Construct Field Infirmary
Selects Artillery Saturation
Selects Towed ML 4.2-inch Heavy Mortar
Towed ML 4.2-inch Heavy Mortar
Selects Valour
Construct Platoon Command Post
Selects Gurkha Rifles Section
Infantry Training
Construct Company Command Post
Crusader II Medium Tank
Crusader II Medium Tank
Selects Volunteer Infantry
Crusader II Medium Tank
Selects Off-map Airburst Barrage
ConcernedApe
Mr. Fahrenheit
-=48th*SmileMan=-
Insurmountable Odds
0
0
Comments
sign in to comment!
No comments posted yet!